3R
AMARILLO WARHEADS @ GIBTOWN ELEPHANTS
08/18/2038
 
TOP OF THE 1ST
Amarillo Warheads batting - Pitching for Gibtown Elephants : RHP António López
Pitching: RHP António López
Batting: RHB Norihisa Kino 0-0: Ball
1-0: Foul Ball, location: 2F
1-1: Swinging Strike
1-2: Foul Ball, location: 2F
1-2: Ball
2-2: Strikes out looking
Batting: LHB Caspar Fewings 0-0: Called Strike
0-1: Ball
1-1: Ball
2-1: Ball
3-1: Base on Balls
Batting: LHB Tippi Degré 0-0: SINGLE (Groundball, 34D, EV 100.0 MPH)
Caspar Fewings to second
Runner from 2nd tries for 3rd, SAFE, throw by RF made to third
Batting: RHB António Hierro 0-0: Ball
1-0: SINGLE (Flyball, 8RS, EV 91.2 MPH)
Caspar Fewings scores
Tippi Degré to second
Batting: LHB Rick Crockett 0-0: Foul Ball, location: 2F
0-1: Ball
1-1: Foul Ball, location: 2F
1-2: Ball
2-2: Foul Ball, location: 2F
2-2: Fly out, F1 (Line Drive, P, EV 68.8 MPH)
Batting: RHB Joe Holmes 0-0: Foul Ball, location: 2F
0-1: Foul Ball, location: 2F
0-2: Foul Ball, location: 2F
0-2: Fly out, F7 (Line Drive, 7, EV 95.6 MPH)
Top of the 1st over - 1 run, 2 hits, 0 errors, 2 left on base; Amarillo 1 - Gibtown 0
BOTTOM OF THE 1ST
Gibtown Elephants batting - Pitching for Amarillo Warheads : LHP Nick Dalton
Pitching: LHP Nick Dalton
Batting: RHB Guillermo Alemán 0-0: Called Strike
0-1: Ball
1-1: Ball
2-1: Foul Ball, location: 2F
2-2: Fly out, F8 (Flyball, 8RM, EV 90.6 MPH)
Batting: RHB Virgil Guldenmond 0-0: Called Strike
0-1: Ball
1-1: Ball
2-1: Ball
3-1: Called Strike
3-2: Base on Balls
Batting: RHB Joe Frank 0-0: Called Strike
0-1: Ball
1-1: Fielders Choice at 2nd, 6-4 (Groundball, 6M, EV 101.9 MPH)
Batting: SHB Christian Cole 0-0: Called Strike
0-1: Foul Ball, location: 2F
0-2: DOUBLE (Line Drive, 8RXD, EV 108.8 MPH)
Joe Frank to third
Batting: LHB Jeff McNeice 0-0: Swinging Strike
0-1: Ball
1-1: Ball
2-1: Ground out 6-3 (Groundball, 56, EV 83.8 MPH)
Bottom of the 1st over - 0 runs, 1 hit, 0 errors, 2 left on base; Amarillo 1 - Gibtown 0
TOP OF THE 2ND
Amarillo Warheads batting - Pitching for Gibtown Elephants : RHP António López
Batting: RHB David Filmer 0-0: Ball
1-0: Fly out, F9 (Flyball, 9, EV 86.9 MPH)
Batting: RHB Gary Pueblo 0-0: Ball
1-0: Called Strike
1-1: Fly out, F3 (Line Drive, 3, EV 75.0 MPH)
Batting: RHB Curtis Tiger 0-0: Called Strike
0-1: Fly out, F8 (Flyball, 8RS, EV 85.0 MPH)
Top of the 2nd over - 0 runs, 0 hits, 0 errors, 0 left on base; Amarillo 1 - Gibtown 0
BOTTOM OF THE 2ND
Gibtown Elephants batting - Pitching for Amarillo Warheads : LHP Nick Dalton
Batting: RHB Colton Pennington 0-0: Called Strike
0-1: Called Strike
0-2: Foul Ball, location: 2F
0-2: DOUBLE (Groundball, 5L, EV 108.1 MPH)
Batting: LHB Dan Quintana 0-0: Ball
1-0: Called Strike
1-1: Called Strike
1-2: Fly out, F6 (Popup, P, EV 81.2 MPH)
Batting: RHB Brian Martin 0-0: Ball
1-0: Ball
2-0: Fly out, F7 (Line Drive, 7, EV 111.2 MPH)
Batting: RHB Alonso Salgado 0-0: Called Strike
0-1: Ground out 2-3 (Groundball, 2L, EV 66.2 MPH)
Bottom of the 2nd over - 0 runs, 1 hit, 0 errors, 1 left on base; Amarillo 1 - Gibtown 0
TOP OF THE 3RD
Amarillo Warheads batting - Pitching for Gibtown Elephants : RHP António López
Batting: RHB Norihisa Kino 0-0: Called Strike
0-1: Foul Ball, location: 2F
0-2: SINGLE (Line Drive, 6MD, EV 107.5 MPH)
Batting: LHB Caspar Fewings 0-0: Ball
1-0: Foul Ball, location: 2F
1-1: Swinging Strike
1-2: Foul Ball, location: 2F
1-2: Ball
2-2: Foul Ball, location: 2F
2-2: Grounds into double play, 5-4-3 (Groundball, 5, EV 83.1 MPH)
Batting: LHB Tippi Degré 0-0: Foul Ball, location: 2F
0-1: Ground out 6-3 (Groundball, 6MS, EV 65.0 MPH)
Top of the 3rd over - 0 runs, 1 hit, 0 errors, 0 left on base; Amarillo 1 - Gibtown 0
BOTTOM OF THE 3RD
Gibtown Elephants batting - Pitching for Amarillo Warheads : LHP Nick Dalton
Batting: RHB Guillermo Alemán 0-0: Ball
1-0: Called Strike
1-1: Fly out, F8 (Flyball, 89D, EV 91.9 MPH)
Batting: RHB Virgil Guldenmond 0-0: Ball
1-0: Foul Ball, location: 2F
1-1: Ground out 4-3 (Groundball, 4, EV 93.8 MPH)
Batting: RHB Joe Frank 0-0: Fly out, F8 (Flyball, 8RD, EV 86.2 MPH)
Bottom of the 3rd over - 0 runs, 0 hits, 0 errors, 0 left on base; Amarillo 1 - Gibtown 0
TOP OF THE 4TH
Amarillo Warheads batting - Pitching for Gibtown Elephants : RHP António López
Batting: RHB António Hierro 0-0: Called Strike
0-1: Foul Ball, location: 2F
0-2: Foul Ball, location: 2F
0-2: Ball
1-2: Ground out U3 (Groundball, 3, EV 91.9 MPH)
Batting: LHB Rick Crockett 0-0: Ball
1-0: Ball
2-0: Ball
3-0: Base on Balls
Batting: RHB Joe Holmes 0-0: Called Strike
0-1: SINGLE (Line Drive, 6M, EV 93.8 MPH)
Rick Crockett to second
Batting: RHB David Filmer 0-0: Ball
1-0: Foul Ball, location: 2F
1-1: Called Strike
1-2: Ball
2-2: Foul Ball, location: 2F
2-2: Ball
3-2: Strikes out swinging
Batting: RHB Gary Pueblo 0-0: Swinging Strike
0-1: Ball
1-1: Called Strike
1-2: Ball
2-2: Fly out, F2 (Popup, 5SF, EV 78.8 MPH)
Top of the 4th over - 0 runs, 1 hit, 0 errors, 2 left on base; Amarillo 1 - Gibtown 0
BOTTOM OF THE 4TH
Gibtown Elephants batting - Pitching for Amarillo Warheads : LHP Nick Dalton
Batting: SHB Christian Cole 0-0: Ball
1-0: Ball
2-0: Fly out, F8 (Flyball, 8LM, EV 88.8 MPH)
Batting: LHB Jeff McNeice 0-0: Foul Ball, location: 2F
0-1: Ball
1-1: Foul Ball, location: 2F
1-2: Ball
2-2: Ball
3-2: Fly out, F7 (Line Drive, 7D, EV 84.4 MPH)
Batting: RHB Colton Pennington 0-0: Foul Ball, location: 2F
0-1: Called Strike
0-2: Strikes out looking
Bottom of the 4th over - 0 runs, 0 hits, 0 errors, 0 left on base; Amarillo 1 - Gibtown 0
TOP OF THE 5TH
Amarillo Warheads batting - Pitching for Gibtown Elephants : RHP António López
Batting: RHB Curtis Tiger 0-0: Called Strike
0-1: Called Strike
0-2: Ball
1-2: Ground out 6-3 (Groundball, 6, EV 91.2 MPH)
Batting: RHB Norihisa Kino 0-0: Called Strike
0-1: Ground out 6-3 (Groundball, 6, EV 103.8 MPH)
Batting: LHB Caspar Fewings 0-0: Ball
1-0: Foul Ball, location: 2F
1-1: Foul Ball, location: 2F
1-2: Strikes out swinging
Top of the 5th over - 0 runs, 0 hits, 0 errors, 0 left on base; Amarillo 1 - Gibtown 0
BOTTOM OF THE 5TH
Gibtown Elephants batting - Pitching for Amarillo Warheads : LHP Nick Dalton
Batting: LHB Dan Quintana 0-0: Called Strike
0-1: Foul Ball, location: 2F
0-2: Ball
1-2: Foul Ball, location: 2F
1-2: Foul Ball, location: 2F
1-2: Ball
2-2: Strikes out swinging
Batting: RHB Brian Martin 0-0: Ball
1-0: Foul Ball, location: 2F
1-1: Called Strike
1-2: Foul Ball, location: 2F
1-2: Fly out, F2 (Popup, 23F, EV 85.6 MPH)
Batting: RHB Alonso Salgado 0-0: Ball
1-0: Ball
2-0: Ground out 5-3 (Groundball, 56S, EV 78.8 MPH)
Bottom of the 5th over - 0 runs, 0 hits, 0 errors, 0 left on base; Amarillo 1 - Gibtown 0
TOP OF THE 6TH
Amarillo Warheads batting - Pitching for Gibtown Elephants : RHP António López
Batting: LHB Tippi Degré 0-0: Ground out 6-3 (Groundball, 4M, EV 98.8 MPH)
Batting: RHB António Hierro 0-0: Ball
1-0: Ball
2-0: Called Strike
2-1: Foul Ball, location: 2F
2-2: Ball
3-2: Fly out, F9 (Flyball, 9, EV 81.9 MPH)
Batting: LHB Rick Crockett 0-0: Ball
1-0: Ball
2-0: Ball
3-0: Called Strike
3-1: Foul Ball, location: 2F
3-2: Foul Ball, location: 2F
3-2: Hit by Pitch
Batting: RHB Joe Holmes 0-0: Swinging Strike
0-1: Ball
1-1: Fly out, F4 (Popup, 4M, EV 77.5 MPH)
Top of the 6th over - 0 runs, 0 hits, 0 errors, 1 left on base; Amarillo 1 - Gibtown 0
BOTTOM OF THE 6TH
Gibtown Elephants batting - Pitching for Amarillo Warheads : LHP Nick Dalton
Batting: RHB Guillermo Alemán 0-0: Ball
1-0: Fly out, F9 (Flyball, 9S, EV 92.5 MPH)
Batting: RHB Virgil Guldenmond 0-0: Called Strike
0-1: Called Strike
0-2: Foul Ball, location: 2F
0-2: Ball
1-2: Ground out 5-3 (Groundball, 56S, EV 81.2 MPH)
Batting: RHB Joe Frank 0-0: Ball
1-0: Ball
2-0: Ball
3-0: Called Strike
3-1: Ground out 5-3 (Groundball, 5, EV 85.6 MPH)
Bottom of the 6th over - 0 runs, 0 hits, 0 errors, 0 left on base; Amarillo 1 - Gibtown 0
TOP OF THE 7TH
Amarillo Warheads batting - Pitching for Gibtown Elephants : RHP António López
Batting: RHB David Filmer 0-0: Ball
1-0: Swinging Strike
1-1: Ground out 5-3 (Groundball, 56S, EV 82.5 MPH)
Batting: RHB Gary Pueblo 0-0: Called Strike
0-1: Called Strike
0-2: Strikes out looking
Batting: RHB Curtis Tiger 0-0: Called Strike
0-1: Ball
1-1: Swinging Strike
1-2: Ball
2-2: Ground out U3 (Groundball, 3L, EV 103.1 MPH)
Top of the 7th over - 0 runs, 0 hits, 0 errors, 0 left on base; Amarillo 1 - Gibtown 0
BOTTOM OF THE 7TH
Gibtown Elephants batting - Pitching for Amarillo Warheads : LHP Nick Dalton
Batting: SHB Christian Cole 0-0: DOUBLE (Line Drive, 89D, EV 110.6 MPH)
Batting: LHB Jeff McNeice 0-0: Called Strike
0-1: Ball
1-1: Swinging Strike
1-2: Strikes out looking
Pitching: RHP Jhon Aimar
Batting: RHB Colton Pennington 0-0: Called Strike
0-1: Ground out 6-3 (Groundball, 6, EV 91.2 MPH)
Batting: LHB Dan Quintana 0-0: Ball
1-0: Foul Ball, location: 2F
1-1: Ball
2-1: Foul Ball, location: 2F
2-2: Foul Ball, location: 2F
2-2: Strikes out swinging
Bottom of the 7th over - 0 runs, 1 hit, 0 errors, 1 left on base; Amarillo 1 - Gibtown 0
TOP OF THE 8TH
Amarillo Warheads batting - Pitching for Gibtown Elephants : RHP António López
Pitching: RHP Graeme Clark
Batting: RHB Norihisa Kino 0-0: Called Strike
0-1: Ground out 5-3 (Groundball, 56S, EV 81.2 MPH)
Batting: LHB Caspar Fewings 0-0: Foul Ball, location: 2F
0-1: TRIPLE (Flyball, 78XD, EV 106.2 MPH)
Batting: LHB Tippi Degré 0-0: Ball
1-0: Foul Ball, location: 2F
1-1: Foul Ball, location: 2F
1-2: Ball
2-2: Fly out, F9 (Flyball, 9LS, EV 90.0 MPH)
Batting: RHB António Hierro 0-0: Ball
1-0: Ground out 6-3 (Groundball, 6M, EV 86.2 MPH)
Top of the 8th over - 0 runs, 1 hit, 0 errors, 1 left on base; Amarillo 1 - Gibtown 0
BOTTOM OF THE 8TH
Gibtown Elephants batting - Pitching for Amarillo Warheads : RHP Jhon Aimar
Batting: RHB Brian Martin 0-0: Foul Ball, location: 2F
0-1: Ball
1-1: Ball
2-1: Ball
3-1: Called Strike
3-2: Fly out, F9 (Flyball, 9S, EV 84.4 MPH)
Batting: RHB Alonso Salgado 0-0: Ball
1-0: Swinging Strike
1-1: Ball
2-1: Ball
3-1: Foul Ball, location: 2F
3-2: Strikes out swinging
Batting: RHB Guillermo Alemán 0-0: Called Strike
0-1: Swinging Strike
0-2: Strikes out swinging
Bottom of the 8th over - 0 runs, 0 hits, 0 errors, 0 left on base; Amarillo 1 - Gibtown 0
TOP OF THE 9TH
Amarillo Warheads batting - Pitching for Gibtown Elephants : RHP Graeme Clark
Batting: LHB Rick Crockett 0-0: Ball
1-0: Ball
2-0: Called Strike
2-1: SINGLE (Line Drive, 34D, EV 106.2 MPH)
Batting: RHB Joe Holmes 0-0: Ball
1-0: Bunted foul
1-1: Bunted foul
1-2: Fly out, F7 (Flyball, 78D, EV 106.2 MPH)
Batting: RHB David Filmer 0-0: Called Strike
0-1: Ball
1-1: Fly out, F8 (Flyball, 8RXD, EV 110.0 MPH)
Batting: RHB Gary Pueblo 0-0: Ball
Rick Crockett is caught stealing 2nd base 2-4
Top of the 9th over - 0 runs, 1 hit, 0 errors, 0 left on base; Amarillo 1 - Gibtown 0
BOTTOM OF THE 9TH
Gibtown Elephants batting - Pitching for Amarillo Warheads : RHP Jhon Aimar
Pitching: RHP Peter Kossan
Now at 1B: Marika Miah
Batting: RHB Virgil Guldenmond 0-0: Ball
1-0: Ball
2-0: Foul Ball, location: 2F
2-1: Fly out, F8 (Line Drive, 8RM, EV 93.8 MPH)
Pinch Hitting: LHB Diego Moreno 0-0: Ball
1-0: Called Strike
1-1: SINGLE (Line Drive, 89M, EV 99.4 MPH)
Batting: SHB Christian Cole 0-0: Ball
1-0: Called Strike
1-1: Swinging Strike
1-2: Ball
2-2: Strikes out looking
Batting: LHB Jeff McNeice 0-0: Ball
1-0: Fly out, F8 (Flyball, 8LD, EV 97.5 MPH)
Bottom of the 9th over - 0 runs, 1 hit, 0 errors, 1 left on base; Amarillo 1 - Gibtown 0
Friday, April 17th, 2020 - OOTP Baseball 20.8 Build 74